 Dungeon Crawl Stone Soup version 0.27.1-34-g3ba077fa99 (webtiles) character file.

Game seed: 505965117652058760

361 cbfl8 the Sneak (level 6, -2/53 HPs)
             Began as a Minotaur Delver on Jan 22, 2022.
             Succumbed to an orc's poison
             ... on level 5 of the Dungeon.
             The game lasted 00:01:47 (611 turns).

cbfl8 the Sneak (Minotaur Delver)                    Turns: 611, Time: 00:01:47

Health: -2/53      AC:  3    Str: 17    XL:     6   Next: 38%
Magic:  5/5        EV: 12    Int:  9    God:
Gold:   20         SH:  0    Dex: 11    Spells: 5/5 levels left

rFire    . . .     SeeInvis .   a - +0 hand axe
rCold    . . .     Faith    .   (no shield)
rNeg     . . .     Spirit   .   b - +0 leather armour
rPois    .         Reflect  .   (helmet restricted)
rElec    .         Harm     .   (no cloak)
rCorr    .         Rampage  .   (no gloves)
Will     .....                  (no boots)
Stlth    +++.......             (no amulet)
HPRegen  0.17/turn              (no ring)
MPRegen  0.09/turn              (no ring)

@: lethally poisoned (-2 -> -30)
A: horns 2, retaliatory headbutt
a: no special abilities


You were on level 5 of the Dungeon.
You visited 1 branch of the dungeon, and saw 1 of its levels.

You collected 20 gold pieces.

Inventory:

Hand Weapons
 a - a +0 hand axe (weapon)
Armour
 b - a +0 leather armour (worn)
Wands
 g - a wand of digging (3)
Scrolls
 c - a scroll of fog
 d - a scroll of magic mapping
 e - a scroll of fear
 h - a scroll of enchant armour {unknown}
Potions
 f - a potion of haste
 i - a potion of curing {unknown}


   Skills:
 + Level 4.6 Fighting
 + Level 4.0 Axes
 + Level 2.6 Armour
 + Level 2.9 Dodging
 + Level 5.8 Stealth


You had 5 spell levels left.
You didn't know any spells.
Your spell library was empty.

Dungeon Overview and Level Annotations

Branches:
Dungeon (5/15)
 Temple: D:4-7

Altars:
Nemelex Xobeh
Qazlal


Innate Abilities, Weirdness & Mutations

You have a pair of horns on your head.
You reflexively headbutt those who attack you in melee.


Message History

You barely miss the scorpion. The scorpion barely misses you.
You furiously retaliate!
You headbutt the scorpion, but do no damage.
The orc hits you with a +0 flail.
You hit the orc but do no damage. You headbutt the orc, but do no damage.
The orc is severely wounded.
You hit the scorpion but do no damage. The scorpion completely misses you.
The orc closely misses you. You furiously retaliate!
You headbutt the orc, but do no damage. The scorpion stings you!
You hit the orc but do no damage.
The orc is severely wounded.
You closely miss the orc. You hit the scorpion but do no damage.
The orc misses you. The orc hits you but does no damage.
You are poisoned.
The scorpion misses you.
You hit the orc.
You kill the orc!
You closely miss the scorpion. You hit the orc.
You feel sick. The scorpion stings you. The orc hits you but does no damage.
You are more poisoned.
You feel very sick. The scorpion stings you!
You are lethally poisoned!
The scorpion poisons you!
The orc hits you with a +2 short sword of venom.
You are more poisoned.
Things that are here:
a +0 flail; a +0 ring mail; an orc corpse You hit the scorpion.
The scorpion is lightly wounded.
You hit the orc.
You kill the orc!
* * * LOW HITPOINT WARNING * * *
You feel extremely sick. The scorpion stings you.
* * * LOW HITPOINT WARNING * * *
The scorpion closely misses you.
You hit the scorpion. You headbutt the scorpion!
The scorpion is heavily wounded.
You die...

...............#
...............#
#.............# #...........<.#
#...+.............#
#...#.............#
#...#.............#
#####...#.....s@).....#
........#.............########
.........######'#.............#
................#.............#
................#.............#
................#.............#
....##...##...###.............#
....##...##...#####'###.......#
....#.....#...).......#.......#


You could see a scorpion.

Vanquished Creatures
  A centaur zombie (D:5)
  A bullfrog skeleton (D:5)
  A dart slug (D:5)
  3 orcs (D:5)
6 creatures vanquished.

Notes
Turn   | Place    | Note
-------+----------+-------------------------------------------
     0 | D:5      | cbfl8 the Minotaur Delver began the quest for the Orb.
     0 | D:5      | Reached XP level 1. HP: 19/19 MP: 0/0
    61 | D:5      | Reached XP level 2. HP: 22/27 MP: 1/1
    61 | D:5      | Reached XP level 3. HP: 27/33 MP: 2/2
   196 | D:5      | Found a stormy altar of Qazlal.
   197 | D:5      | Found a sparkling altar of Nemelex Xobeh.
   247 | D:5      | Noticed a centaur warrior zombie
   264 | D:5      | Killed a centaur warrior zombie
   265 | D:5      | Reached skill level 5 in Stealth
   265 | D:5      | Reached XP level 4. HP: 15/41 MP: 3/3
   265 | D:5      | Reached XP level 5. HP: 17/47 MP: 4/4
   265 | D:5      | Reached XP level 6. HP: 19/53 MP: 5/5
   611 | D:5      | Succumbed to an orc's poison

Illustrated notes

Levels and vault maps discovered:
D:5:      layout_gridville, mainiacjoe_overflow_divided_tiny,
          minmay_temple_entry_offerings, uniq_edmund

Skill      XL: |  1  2  3  4  5  6 |
---------------+-------------------+-----
Fighting       | 4 |  4.6
Axes           | 3 4 |  4.0
Armour         | 2 |  2.6
Stealth        | 5 |  5.8
Dodging        | |  2.9

Action                   |  1- 3 |  4- 6 || total
-------------------------+-------+-------++-------
Melee: Hand axe          |    22 |    13 ||    35
       Headbutt          |     7 |     3 ||    10
Armor: Leather armour    |    20 |     4 ||    24
Dodge: Dodged            |    17 |     9 ||    26
